 Dungeon Crawl Stone Soup version 0.23.2-30-g0e89c35649 (webtiles) character file.

Game seed: 17350655097028029826

7252 teukkam the Fighter (level 10, -4/93 HPs)
             Began as a Minotaur Fighter on June 12, 2019.
             Was a High Priest of Qazlal.
             Killed from afar by a hell hound (10 damage)
             ... with a blast of flame
             ... on level 2 of the Abyss on June 13, 2019.
             The game lasted 00:45:53 (7456 turns).

teukkam the Fighter (Minotaur Fighter)              Turns: 7456, Time: 00:45:53

Health: -4/93      AC: 17    Str: 26 (27) XL:     10   Next: 88%
Magic:  9/9        EV:  6    Int:  6 (7)  God:    Qazlal [*****.]
Gold:   389        SH: 21    Dex: 16 (17) Spells: 9/9 levels left

rFire    + . .     SeeInvis .   a - +7 trident "Wiut" {drain, rPois Int+2 Dex+4}
rCold    + + .     Gourm    .   c - +1 shield
rNeg     . . .     Faith    .   q - +0 plate armour {rPois}
rPois    +         Spirit   .   (helmet restricted)
rElec    .         Reflect  .   (no cloak)
rCorr    .         Harm     +   (no gloves)
MR       .....                  (no boots)
Stlth    ..........             l - amulet of harm
HPRegen  0.25/turn              P - ring of protection from cold
MPRegen  0.11/turn              L - +3 ring of dexterity

@: mighty, protected from physical damage, berserk cooldown, very slightly
contaminated, slowed, invisible, repel missiles, very slow
A: retaliatory headbutt, horns 2, cold resistance 1, fire resistance 1, weak 1
a: Upheaval, Elemental Force, Disaster Area, Renounce Religion


You were on level 2 of the Abyss.
You worshipped Qazlal.
Qazlal was extremely pleased with you.
You were not hungry.

You visited 1 branch of the dungeon, and saw 9 of its levels.
You visited the Abyss 1 time.
You also visited: Ossuary.

You collected 479 gold pieces.
You spent 90 gold pieces at shops.

Inventory:

Hand Weapons
 a - the +7 trident "Wiut" (weapon) {drain, rPois Int+2 Dex+4}
   (You took it off a kobold on level 7 of the Dungeon)

   A truly terrible weapon, it drains the life of those it strikes.
   It affects your intelligence (+2).
   It affects your dexterity (+4).
   It protects you from poison.
 b - a +1 hunting sling
 n - a +2 dire flail of protection
 D - a +0 blowgun
 J - a +2 dagger of speed
 K - a +2 short sword of protection
 O - a +0 blowgun
 R - a +0 whip of freezing
 U - a +0 war axe
Missiles
 e - 535 stones (quivered)
 h - 2 needles of sleeping
 u - 135 sling bullets
 E - 78 poisoned needles
 H - 4 tomahawks
Armour
 c - a +1 shield (worn)
 q - a +0 plate armour of poison resistance (worn)
Magical Staves
 A - an uncursed staff of power {unknown}
Jewellery
 l - an amulet of harm (around neck)
 v - a +3 ring of evasion
 L - a +3 ring of dexterity (right hand)
 P - a ring of protection from cold (left hand)
 Q - an uncursed ring of flight
Wands
 C - a wand of random effects (25)
 N - a wand of paralysis (2)
Scrolls
 i - 4 scrolls of remove curse
 k - 2 scrolls of amnesia
 m - 4 scrolls of magic mapping {unknown}
 o - 8 scrolls of identify
 p - a scroll of vulnerability {unknown}
 s - a scroll of random uselessness {unknown}
 w - 2 scrolls of fear {unknown}
 x - a scroll of teleportation
 y - 4 scrolls of immolation
 G - 2 scrolls of enchant armour
 V - a scroll of noise {unknown}
Potions
 d - 5 potions of might
 j - a potion of mutation
 t - 2 potions of lignification
 I - a potion of flight {unknown}
Comestibles
 f - 16 rations


   Skills:
 + Level 9.8 Fighting
 - Level 7.6(8.4) Axes
 + Level 5.2(7.1) Polearms
 + Level 8.0 Slings
 + Level 9.7 Armour
 + Level 9.7 Shields


You had 9 spell levels left.
You didn't know any spells.
Your spell library contained the following spells:

 Spells                   Type           Power        Failure   Level  Hunger
 Animate Skeleton         Necr           N/A          100%        1    ##.....
 Beastly Appendage        Tmut           #.....       100%        1    ##.....
 Corona                   Hex            #......      100%        1    ##.....
 Infusion                 Chrm           #...         100%        1    ##.....
 Pain                     Necr           #...         100%        1    ##.....
 Ensorcelled Hibernation  Hex/Ice        #.....       100%        2    ###....
 Shroud of Golubria       Chrm/Tloc      #.........   100%        2    ###....
 Song of Slaying          Chrm           #.......     100%        2    ###....
 Sticks to Snakes         Tmut           #.......     100%        2    ###....
 Confuse                  Hex            #.......     100%        3    ####...
 Dazzling Spray           Conj/Hex       #.....       100%        3    ####...
 Regeneration             Chrm/Necr      #.........   100%        3    ####...
 Spectral Weapon          Hex/Chrm       #.......     100%        3    ####...
 Spider Form              Tmut/Pois      #.........   100%        3    ####...
 Tukima's Dance           Hex            #.......     100%        3    ####...
 Vampiric Draining        Necr           #.........   100%        3    ####...
 Animate Dead             Necr           N/A          100%        4    #####..
 Ice Form                 Ice/Tmut       #.......     100%        4    #####..
 Blade Hands              Tmut           #.........   100%        5    ######.


Dungeon Overview and Level Annotations

Branches:
Dungeon (9/15)             Temple (0/1) D:4
   Lair: D:8-11         Orc: D:9-12

Altars:
Makhleb
Qazlal
Zin

Shops:
D:5 =   D:7 (

Annotations:
D:8 Gastronok


Innate Abilities, Weirdness & Mutations

You reflexively headbutt those who attack you in melee.
You have a pair of horns on your head.
Your flesh is cold resistant. (rC+)
Your flesh is heat resistant. (rF+)
You are weak. (Str -2)


Message History

Your Slings skill increases to level 8!
The flying skull is engulfed in freezing vapours.
You destroy the flying skull!
Qazlal accepts your kill.
A quasit comes into view.
The hell hound bites you but does no damage.
You barely miss the hell hound. Your headbutt misses the hell hound.
The substance of the Abyss twists violently, and a gateway leading out appears!
The quasit gives a chilling moan.
The hell hound breathes flames at you.
The blast of flame misses the hell hound.
The blast of flame hits you but does no damage.
A hell hound comes into view.
You block the hell hound's attack.
The quasit gives a chilling moan.
The hell hound bites you.
* * * LOW HITPOINT WARNING * * *
The hell hound breathes flames at you. The blast of flame hits you! You resist.
You die...

.? # .####
..# ##. . ...
... #.. .
.... # . #
#.# ...... #.
##.#.... . 5.
# # *##. #
..##. . #
####.###.##
.....°##§.# .
.#....h@.#...
#
#..#.h##....#
#...#.( ##.#
#.. .h.# .##
... #.#. .
... .. # .
... . ###


You could see 3 hell hounds and a quasit (wandering).

Vanquished Creatures
  A guardian serpent (Abyss:2)
  2 smoke demons (Abyss:2)
  A troll (D:9)
  A hippogriff (D:9)
  A large abomination (Abyss:2)
  5 flying skulls (Abyss:2)
  A spriggan (D:7)
  A vampire (D:9)
  A hungry ghost (D:8)
  A naga (Abyss:2)
  Edmund (D:5)
  3 orc warriors
  A black bear (D:4)
  A sky beast (D:9)
  4 ogres
  3 centaurs
  A small abomination (Abyss:2)
  6 big kobolds
  6 elf zombies (Ossuary)
  A crocodile (D:6)
  5 bullfrogs
  4 scorpions
  A vampire bat (D:5)
  4 centaur zombies
  A bullfrog zombie (D:9)
  4 crimson imps
  4 human zombies (Ossuary)
  A bullfrog skeleton (D:6)
  2 gnoll shamans
  An orc priest (D:9)
  5 hounds
  2 jellies
  8 orc wizards
  4 iguanas
  3 worker ants
  Ijyb (D:5)
  3 mummies (Ossuary)
  A worker ant zombie (D:7)
  11 adders
  18 gnolls
  A howler monkey skeleton (D:6)
  A shadow imp (D:9)
  A white imp (Abyss:2)
  4 worms
  3 dart slugs
  3 fire bats (D:5)
  9 leopard geckos
  26 orcs
  2 spectral bats (D:5)
  3 bat skeletons (D:5)
  A bat zombie (D:5)
  6 giant cockroaches
  39 goblins
  22 hobgoblins
  5 jackals
  4 quokkas
  2 ball pythons
  20 bats
  A bat simulacrum (D:5)
  4 frilled lizards
  A goblin zombie (D:4)
  22 kobolds
  7 rats
  A rat zombie (D:4)
  A lurking horror (Abyss:2)
314 creatures vanquished.

Vanquished Creatures (others)
  A water moccasin (D:8)
  2 killer bees (D:8)
  A hound (D:8)
  2 orc priests (D:8)
  An orc wizard (D:8)
  2 orcs (D:8)
  A jackal (D:8)
10 creatures vanquished.

Grand Total: 324 creatures vanquished

Notes
Turn   | Place    | Note
-------+----------+-------------------------------------------
     0 | D:1      | teukkam the Minotaur Fighter began the quest for the Orb.
     0 | D:1      | Reached XP level 1. HP: 19/19 MP: 0/0
   203 | D:1      | Reached XP level 2. HP: 27/27 MP: 1/1
   537 | D:2      | Reached XP level 3. HP: 22/33 MP: 2/2
   655 | D:2      | Noticed a fire elemental
   657 | D:2      | Found a stormy altar of Qazlal.
   658 | D:2      | Noticed an air elemental
   658 | D:2      | Noticed an earth elemental
   658 | D:2      | Noticed a water elemental
   663 | D:2      | Became a worshipper of Qazlal Stormbringer
  1108 | D:1      | You fall through a shaft!
  1268 | D:3      | Reached skill level 1 in Slings
  1331 | D:3      | Reached XP level 4. HP: 40/40 MP: 3/3
  1525 | D:3      | Reached * piety under Qazlal
  1593 | D:3      | Found a burning altar of Makhleb.
  1954 | D:3      | Reached XP level 5. HP: 30/47 MP: 4/4
  2536 | D:4      | Found a sand-covered staircase.
  2547 | Ossuary  | Entered an ossuary
  2577 | Ossuary  | Reached skill level 5 in Fighting
  2577 | Ossuary  | Reached XP level 6. HP: 35/56 MP: 5/5
  2587 | Ossuary  | Gained mutation: Your flesh is heat resistant. (rF+)
                  | [potion of mutation]
  2587 | Ossuary  | Gained mutation: You are weak. (Str -2) [potion of
                  | mutation]
  2587 | Ossuary  | Gained mutation: Your flesh is cold resistant. (rC+)
                  | [potion of mutation]
  2592 | Ossuary  | Reached skill level 5 in Armour
  2592 | Ossuary  | Reached skill level 5 in Shields
  2819 | Ossuary  | Reached ** piety under Qazlal
  2819 | Ossuary  | Reached XP level 7. HP: 40/61 MP: 6/6
  2910 | Ossuary  | Reached skill level 5 in Axes
  3099 | D:4      | Found Zin's Purification Station.
  3100 | D:4      | Found a glowing silver altar of Zin.
  3106 | D:4      | Bought a potion of curing for 90 gold pieces
  3330 | D:4      | Found a staircase to the Ecumenical Temple.
  3606 | D:4      | Reached XP level 8. HP: 54/70 MP: 7/7
  3724 | D:4      | Reached *** piety under Qazlal
  3979 | D:4      | Reached **** piety under Qazlal
  4292 | D:5      | Entered Level 5 of the Dungeon
  4335 | D:5      | Noticed Ijyb
  4342 | D:5      | Paralysed by Ijyb for 4 turns
  4347 | D:5      | Killed Ijyb
  4348 | D:5      | Reached skill level 5 in Slings
  4440 | D:5      | Found Gionad's Jewellery Boutique.
  4508 | D:5      | Noticed Edmund
  4534 | D:5      | Killed Edmund
  5244 | D:5      | Reached XP level 9. HP: 78/79 MP: 8/8
  5636 | D:6      | Reached ***** piety under Qazlal
  6189 | D:7      | Found Kacsiom's Weapon Shop.
  6193 | D:7      | Identified the +7 trident "Wiut" {drain, rPois Int+2 Dex+4}
  6386 | D:7      | Reached skill level 1 in Polearms
  6814 | D:8      | Noticed Gastronok
  6957 | D:9      | Noticed a troll
  6964 | D:9      | Killed a troll
  6964 | D:9      | Reached XP level 10. HP: 90/90 MP: 9/9
  7052 | D:9      | Noticed a two-headed ogre
  7340 | D:9      | Noticed a wizard
  7344 | D:9      | Cast into level 2 of the Abyss (a wizard)
  7375 | Abyss:2  | Noticed a smoke demon
  7386 | Abyss:2  | Killed a smoke demon
  7388 | Abyss:2  | Noticed a guardian serpent
  7399 | Abyss:2  | Killed a guardian serpent
  7412 | Abyss:2  | Noticed a smoke demon
  7421 | Abyss:2  | Killed a smoke demon
  7440 | Abyss:2  | HP: 5/136 [flying skull (4)]
  7446 | Abyss:2  | Reached skill level 5 in Polearms
  7456 | Abyss:2  | Killed from afar by a hell hound

Skill      XL: |  1  2  3  4  5  6  7  8  9 10 |
---------------+-------------------------------+-----
Shields        | 4 5 6 7 8 9 |  9.7
Fighting       | 4 5 6 7 8 9 |  9.8
Armour         | 4 5 6 7 8 9 |  9.7
Axes           | 3 4 5 6 7 |  7.6
Slings         | 1 2 3 4 5 6 8 |  8.0
Polearms       | 2 5 |  5.2

Action                   |  1- 3 |  4- 6 |  7- 9 | 10-12 || total
-------------------------+-------+-------+-------+-------++-------
Melee: War axe           |    93 |   118 |   283 |       ||   494
       Headbutt          |     9 |    26 |    49 |    13 ||    97
       Trident           |       |       |    40 |    91 ||   131
 Fire: Hunting sling     |     4 |     7 |    61 |    16 ||    88
Throw: Stone             |       |       |     1 |       ||     1
Evoke: Wand              |       |     1 |     2 |       ||     3
  Use: Scroll            |       |     5 |     2 |     2 ||     9
       Potion            |       |     3 |     1 |    12 ||    16
 Stab: Invisible         |       |       |       |     2 ||     2
  Eat: Chunk             |     1 |     4 |     3 |       ||     8
       Ration            |       |     1 |     3 |       ||     4
Armor: Scale mail        |    54 |    41 |   102 |     7 ||   204
       Skin              |       |       |       |    34 ||    34
       Plate armour      |       |       |       |     9 ||     9
Dodge: Dodged            |    40 |    53 |   131 |    15 ||   239
       Deflected         |       |       |     3 |       ||     3
Block: Shield            |    51 |    84 |   395 |   103 ||   633
